 Dungeon Crawl Stone Soup version 0.28.0-53-g5a82cb258f (webtiles) character file.

Game seed: 9936763522549948039

105674 Sin92 the Fighter (level 15, -5/122 HPs)
             Began as a Demonspawn Fighter on July 12, 2022.
             Was the Champion of Okawaru.
             Killed by divine providence
             ... invoked by a meliai
              (7 damage)
             ... on level 15 of the Dungeon on July 13, 2022.
             The game lasted 00:59:03 (28751 turns).

Sin92 the Fighter (Demonspawn Fighter)             Turns: 28751, Time: 00:59:04

Health: -5/122     AC: 27    Str: 34    XL:     15   Next: 95%
Magic:  0/28       EV: 11    Int: 11    God:    Okawaru [******]
Gold:   2413       SH: 26    Dex: 15    Spells: 30/33 levels left

rFire   . . .      SeeInvis .   y - +8 broad axe (protect)
rCold   + + .      Faith    .   q - +9 kite shield of the Guardian {rCorr Str+4}
rNeg    + . .      Spirit   +   l - +7 plate armour of the Black Moon {rC++ Slay+3}
rPois   +          Reflect  +   m - +2 helmet
rElec   .          Harm     .   N - +0 cloak {Will+}
rCorr   +          Rampage  .   H - +0 pair of gloves
Will    ++...                   (no boots)
Stlth   ..........              S - amulet of reflection
HPRegen 0.30/turn               T - +6 ring of strength
MPRegen 0.42/turn               i - ring of Cowardice {rPois rN+ Str+6 Dex-2 Stlth+}

@: corroded
A: slimy green scales 2, powered by pain 1, magic shield, magic regeneration,
weakness stinger 2
a: Renounce Religion, Heroism, Finesse, Duel


You were on level 15 of the Dungeon.
You worshipped Okawaru.
Okawaru was exalted by your worship.
You visited 4 branches of the dungeon, and saw 24 of its levels.
You also visited: Ice Cave.

You collected 3382 gold pieces.
You spent 969 gold pieces at shops.

Inventory:

Hand Weapons
 n - a +4 morningstar of protection
 y - a +8 broad axe of protection (weapon)
 V - a +3 broad axe of freezing
Missiles
 b - 7 silver javelins
 L - a throwing net (quivered)
Armour
 k - the +4 tower shield of the Lair of Beasts {Harm Int+4 Stlth+}
   (You bought it in a shop on level 2 of the Dungeon)

   Int:       It affects your intelligence (+4).
   Harm:      It increases damage dealt and taken.
   Stlth:     It makes you more stealthy.
 l - the +7 plate armour of the Black Moon (worn) {rC++ Slay+3}
   (You bought it in a shop on level 2 of the Dungeon)

   Slay:      It affects your accuracy & damage with ranged weapons and melee
   (+3).
   rC:        It greatly protects you from cold.
 m - a +2 helmet (worn)
 q - the +9 kite shield of the Guardian (worn) {rCorr Str+4}
   (Okawaru gifted it to you on level 12 of the Dungeon)

   Str:       It affects your strength (+4).
   rCorr:     It protects you from acid and corrosion.
 B - a +0 crystal plate armour
 H - a +0 pair of gloves (worn)
 K - a +2 hat
 N - a +0 cloak of willpower (worn)
Jewellery
 i - the ring of Cowardice (right hand) {rPois rN+ Str+6 Dex-2 Stlth+}
   (You acquired it on level 13 of the Dungeon)

   [ring of positive energy]

   Str:       It affects your strength (+6).
   Dex:       It affects your dexterity (-2).
   rPois:     It protects you from poison.
   rN:        It protects you from negative energy.
   Stlth:     It makes you more stealthy.
 r - a +4 ring of evasion
 v - a ring of poison resistance
 G - an amulet of regeneration
 I - a ring of resist corrosion
 S - an amulet of reflection (around neck)
 T - a +6 ring of strength (left hand)
Wands
 a - a wand of mindburst (2)
 g - a wand of acid (1)
 o - a wand of digging (6)
 p - a wand of flame (15)
 F - a wand of paralysis (6)
Scrolls
 c - a scroll of blinking
 j - 4 scrolls of amnesia
 t - 3 scrolls of teleportation
 w - 2 scrolls of fog
 z - a scroll of enchant armour
 D - 17 scrolls of identify
 E - 2 scrolls of fear
 U - a scroll of magic mapping
Potions
 d - 4 potions of might
 e - 2 potions of cancellation
 f - 3 potions of attraction
 h - 3 potions of magic
 s - 5 potions of haste
 u - 9 potions of curing
 x - a potion of invisibility
 A - 5 potions of brilliance
 C - a potion of heal wounds
 J - a potion of flight
 M - a potion of mutation
 O - 3 potions of ambrosia


   Skills:
 + Level 12.5 Fighting
 + Level 11.2 Axes
 + Level 11.3 Armour
 - Level 9.3 Dodging
 + Level 11.4 Shields
 + Level 9.9 Spellcasting
 + Level 3.5 Hexes
 + Level 6.9 Translocations
 - Level 6.3 Invocations


You had 30 spell levels left.
You knew the following spells:

 Your Spells              Type           Power      Damage    Failure   Level
a - Blink                 Tloc           40%        N/A       13%         2
b - Slow                  Hex            52%        N/A       34%         1

Your spell library contained the following spells:

 Spells                   Type           Power      Damage    Failure   Level
 Lesser Beckoning         Tloc           20%        N/A       26%         3
 Confusing Touch          Hex            13%        N/A       71%         3
 Beastly Appendage        Tmut           10%        N/A       83%         1
 Pain                     Necr           20%        1d5       83%         1
 Wereblood                Tmut           5%         N/A       92%         2
 Manifold Assault         Tloc           20%        N/A       93%         5
 Spider Form              Tmut/Pois      5%         N/A       99%         3
 Stone Arrow              Conj/Erth      10%        3d7       99%         3
 Vampiric Draining        Necr           5%         2d6       99%         3
 Fireball                 Conj/Fire      2%         3d4       100%        5
 Starburst                Conj/Fire      2%         6d3       100%        6
 Borgnjor's Revivificati  Necr           2%         N/A       100%        8
 Ignition                 Fire           2%         3d3       100%        8
 Lehudib's Crystal Spear  Conj/Erth      2%         10d2      100%        8
 Necromutation            Tmut/Necr      2%         N/A       100%        8
 Animate Armour           Summ/Erth      Unusable   N/A       N/A         4

Dungeon Overview and Level Annotations

Branches:
Dungeon (15/15)            Temple (1/1) D:6            Lair (6/6) D:9
  Swamp (0/4) Lair:3       Spider (0/4) Lair:2        Slime (0/5) Lair:5
    Orc (2/2) D:10            Elf (0/3) Orc:2        Vaults (0/5) D:13
  IceCv (visited)
 Depths: D:15

Altars:
Ashenzari
Cheibriados
Dithmenos
Elyvilon
Fedhas
Gozag
Hepliaklqana
Kikubaaqudgha
Makhleb
Nemelex Xobeh
Okawaru
Qazlal
Ru
Sif Muna
Trog
Uskayaw
Vehumet
Wu Jian
Xom
Yredelemnul
Zin
The Shining One
Jiyva

Shops:
D:2 [   D:4 =   D:9 (   D:13 ?   Orc:2 (*:(

Annotations:
D:3 3 runed translucent doors, dornbeast's ghost, weakling PaMo


Innate Abilities, Weirdness & Mutations

You are mostly covered in slimy green scales. (AC +3)
You sometimes gain a little power by taking damage.
When hurt, damage is shared between your health and your magic reserves.
You regenerate magic rapidly.
You have a tail ending in a sharp stinger.


Message History

You hear an angry buzzing noise.
The brown ugly thing tentacle-slaps you!
The acid corrodes you!
You are splashed with acid.
You resist.
You hear a horrible gurgling sound!
You slice the brown ugly thing!!
You kill the brown ugly thing!
Okawaru accepts your kill. You block the meliai's attack. x2
A meliai comes into view. It is wielding a +0 hand axe.
Unknown command.
You slice the meliai!!
The meliai is almost dead.
You hear a horrible gurgling sound!
The meliai hits you with a +0 hand axe. The meliai misses you.
The meliai invokes the aid of its god against you.
Something smites you! The meliai hits you with a +0 hand axe.
You block the meliai's attack. The meliai misses you.
You block the meliai's attack.
The meliai calls down the wrath of its god upon you.
Something smites you!
* * * LOW HITPOINT WARNING * * *
You block the meliai's attack. x2
The meliai calls down the wrath of its god upon you.
Something smites you!
* * * LOW HITPOINT WARNING * * *
The meliai mumbles some strange prayers to its god against you.
Something smites you!
* * * LOW HITPOINT WARNING * * *
A brown ugly thing comes into view.
The brown ugly thing gurgles horribly!
The meliai invokes the aid of its god against you.
Something smites you!
* * * LOW HITPOINT WARNING * * *
The meliai mumbles some strange prayers to its god against you.
Something smites you!
* * * LOW HITPOINT WARNING * * *
You block the meliai's attack. x2
The meliai invokes the aid of its god against you.
Something smites you!
You die...

#.##.........
#.########### #######.#
#####..yyu.u########
#.......####y......#
#.......# #.......######
#.......####...)...'....#
#..........#..yy...####.#
#..........##...@...# #.#
............#.###.#.# #.#
.....(......#.# #.#.# #.#
.#######....).# #<#.###(#
######## ###.....#
#######


You could see a brown ugly thing and 3 meliai.

Vanquished Creatures
  Rupert (Lair:4)
  Jorgrun (D:13)
  Nessos (D:14)
  Azrael (Orc:2)
  Snorg (Orc:1)
  Josephine (D:14)
  A fire dragon (D:14)
  5 boulder beetles
  A rakshasa (D:12)
  A merfolk avatar (Lair:6)
  10 hydras
  An ogre mage (D:13)
  4 centaur warriors
  An alligator (Lair:6)
  14 death yaks
  A tengu warrior (D:15)
  5 two-headed ogres
  The ghost of turdburglar the Slicer, a novice DsMo of Fedhas (D:9)
  Erica (Lair:1)
  Urug (D:13)
  A death knight (D:13)
  6 orc high priests
  Sonja (D:13)
  A fire crab (Lair:6)
  A sea snake (Lair:6)
  A bog body (IceCv)
  A wizard (D:14)
  A necromancer (IceCv)
  10 orc knights
  2 orc sorcerers
  A harpy (Lair:6)
  2 deep elf pyromancers
  An oklob plant (Lair:3)
  5 ugly things
  4 cyclopes
  13 elephants (Lair:6)
  3 manticores
  2 black mambas
  2 gargoyles (D:12)
  13 cane toads
  2 ice statues (IceCv)
  Joseph (D:8)
  2 molten gargoyles (D:14)
  5 rime drakes
  7 komodo dragons
  A tengu conjurer (D:15)
  A kobold demonologist (D:12)
  An unseen horror (D:12)
  A rime drake (shapeshifter) (D:13)
  An efreet (D:13)
  2 entropy weaver simulacra (IceCv)
  An anaconda simulacrum (IceCv)
  6 ice devils (IceCv)
  8 trolls
  3 wind drakes (Lair:6)
  7 polar bears
  9 slime creatures
  10 blink frogs
  3 snapping turtles (Lair:6)
  6 dream sheep (Lair:5)
  2 shadows
  37 yaks
  12 wraiths
  7 wyverns
  4 dire elephant simulacra (IceCv)
  6 fire elementals
  8 steam dragons
  3 basilisks
  A death yak simulacrum (IceCv)
  Menkaure (D:5)
  3 harpy simulacra (IceCv)
  2 acid dragons (D:11)
  3 hell hounds
  12 water moccasins
  Duvessa (D:7)
  A sky beast (D:7)
  A meliai simulacrum (D:15)
  3 ice beasts (D:7)
  44 orc warriors
  5 ogres
  A black bear (Lair:4)
  A centaur (D:6)
  19 wolves
  A phantom (D:6)
  Blork the orc (D:5)
  A kobold brigand (D:7)
  7 bullfrogs
  3 wyvern zombies
  3 scorpions
  A gnoll sergeant (D:9)
  5 wights
  Dowan (D:7)
  18 killer bees
  4 howler monkeys
  2 vampire bats (D:15)
  An electric eel (Lair:3)
  4 centaur zombies
  A lava snake (D:14)
  2 hounds
  A bullfrog zombie (D:6)
  2 jellies (D:5)
  2 gnoll shamans
  38 orc priests
  2 bullfrog skeletons (D:7)
  Jessica (D:3)
  A centaur skeleton (D:5)
  2 iguanas
  21 orc wizards
  A hell rat (Lair:6)
  A troll simulacrum (IceCv)
  2 killer bee zombies
  A wolf simulacrum (IceCv)
  A mummy (D:4)
  13 gnolls
  3 adders
  A howler monkey skeleton (D:4)
  8 river rats (Lair:6)
  A naga simulacrum (IceCv)
  A white imp (IceCv)
  An ufetubus (D:6)
  2 worms (D:2)
  A dart slug (D:2)
  80 orcs
  8 endoplasms
  4 giant cockroaches
  6 goblins
  11 hobgoblins
  6 quokkas
  4 ball pythons
  11 bats
  2 frilled lizards
  6 kobolds
  5 rats
  A fire vortex (D:14)
684 creatures vanquished.

Vanquished Creatures (others)
  An orc (D:8)
  36 fungi
  56 plants
93 creatures vanquished.

Grand Total: 777 creatures vanquished

Notes
Turn   | Place    | Note
-------+----------+-------------------------------------------
     0 | D:1      | Sin92 the Demonspawn Fighter began the quest for the Orb.
     0 | D:1      | Reached XP level 1. HP: 18/18 MP: 1/1
   262 | D:1      | Found a faded altar of an unknown god.
   325 | D:1      | Gained mutation: You are partially covered in slimy green
                  | scales. (AC +2) [demonic ancestry]
   325 | D:1      | Reached XP level 2. HP: 24/24 MP: 2/2
   856 | D:1      | Reached XP level 3. HP: 29/29 MP: 4/4
  1033 | D:2      | Reached skill level 1 in Spellcasting
  1352 | D:2      | Found Uruu's Antique Armour Shoppe.
  1360 | D:2      | Identified a scroll of acquirement
  1360 | D:2      | Acquired 737 gold pieces
  1362 | D:2      | Bought a blackened tower shield for 171 gold pieces
  1362 | D:2      | Identified the +4 tower shield of the Lair of Beasts {Harm
                  | Int+4 Stlth+} (You bought it in a shop on level 2 of the
                  | Dungeon)
  1362 | D:2      | Bought a faintly humming plate armour for 504 gold pieces
  1362 | D:2      | Identified the +7 plate armour of the Black Moon {rC++
                  | Slay+3} (You bought it in a shop on level 2 of the Dungeon)
  1593 | D:2      | Reached skill level 1 in Dodging
  2129 | D:3      | Found a runed translucent gate.
  2130 | D:3      | Found a runed translucent gate.
  2131 | D:3      | Found a runed translucent gate.
  2150 | D:3      | Noticed dornbeast's ghost (weakling PaMo)
  2167 | D:3      | Gained mutation: You regenerate magic rapidly. [demonic
                  | ancestry]
  2167 | D:3      | Reached XP level 4. HP: 34/35 MP: 5/5
  2267 | D:3      | Reached XP level 5. HP: 41/41 MP: 7/7
  2755 | D:3      | Noticed Jessica
  2758 | D:3      | Killed Jessica
  2924 | D:4      | Noticed an ogre
  2945 | D:4      | Killed an ogre
  2946 | D:4      | Reached XP level 6. HP: 48/48 MP: 8/8
  3066 | D:4      | Found a snail-covered altar of Cheibriados.
  3323 | D:4      | Found Diboh's Jewellery Shop.
  3393 | D:4      | Noticed an orc warrior
  3394 | D:4      | Reached skill level 4 in Fighting
  3400 | D:4      | Killed an orc warrior
  3876 | D:5      | Entered Level 5 of the Dungeon
  3898 | D:5      | Gained mutation: You sometimes gain a little power by
                  | taking damage. [demonic ancestry]
  3898 | D:5      | Reached XP level 7. HP: 52/54 MP: 10/10
  3922 | D:5      | Noticed Blork the orc
  3929 | D:5      | Killed Blork the orc
  4068 | D:5      | Noticed Menkaure
  4082 | D:5      | Killed Menkaure
  5101 | D:6      | Reached XP level 8. HP: 61/61 MP: 12/12
  5333 | D:6      | Reached skill level 5 in Fighting
  5370 | D:6      | HP: 2/62 [yak (13)]
  5373 | D:6      | Found a staircase to the Ecumenical Temple.
  5907 | D:6      | Reached skill level 5 in Armour
  5914 | D:6      | Reached skill level 5 in Shields
  5919 | D:6      | Gained mutation: When hurt, damage is shared between your
                  | health and your magic reserves. [demonic ancestry]
  5919 | D:6      | Reached XP level 9. HP: 17/69 MP: 15/15
  6390 | Temple   | Entered the Ecumenical Temple
  6530 | Temple   | Became a worshipper of Warmaster Okawaru
  6669 | D:6      | Reached skill level 6 in Fighting
  6670 | D:6      | Reached * piety under Okawaru
  6735 | D:5      | Reached skill level 5 in Axes
  7347 | D:6      | Reached skill level 8 in Fighting
  7347 | D:6      | Reached XP level 10. HP: 36/78 MP: 16/16
  7675 | D:7      | Noticed Duvessa
  7675 | D:7      | Noticed Dowan
  7751 | D:7      | Reached ** piety under Okawaru
  7826 | D:7      | Killed Duvessa
  7846 | D:7      | Killed Dowan
  8390 | D:8      | Reached skill level 5 in Dodging
  8451 | D:8      | Noticed Joseph
  8463 | D:8      | Killed Joseph
  8464 | D:8      | Reached skill level 5 in Spellcasting
  8740 | D:8      | Reached XP level 11. HP: 86/87 MP: 18/18
  8754 | D:8      | Reached *** piety under Okawaru
  9221 | D:9      | Noticed a two-headed ogre
  9231 | D:9      | Killed a two-headed ogre
  9596 | D:9      | Found Ynaxtu Muac's Antique Weapon Emporium.
  9602 | D:9      | Bought a glowing broad axe for 182 gold pieces
  9609 | D:9      | Noticed a red ugly thing
  9621 | D:9      | Killed a red ugly thing
  9697 | D:9      | Found a runed translucent gate.
  9697 | D:9      | Found a runed translucent gate.
  9697 | D:9      | Found a runed translucent gate.
  9698 | D:9      | Noticed turdburglar's ghost (novice DsMo)
 10093 | D:9      | Found a staircase to the Lair.
 10114 | D:9      | Reached skill level 9 in Fighting
 10476 | D:9      | Reached **** piety under Okawaru
 10719 | D:9      | Killed turdburglar's ghost
 10791 | D:10     | Entered Level 10 of the Dungeon
 11069 | D:10     | Found a staircase to the Orcish Mines.
 12002 | D:11     | Reached ***** piety under Okawaru
 12074 | D:11     | Noticed a two-headed ogre
 12081 | D:11     | Killed a two-headed ogre
 12380 | D:11     | Gained mutation: You are mostly covered in slimy green
                  | scales. (AC +3) [demonic ancestry]
 12380 | D:11     | Reached XP level 12. HP: 85/96 MP: 19/21
 12560 | D:11     | Noticed a boulder beetle
 12586 | D:11     | Killed a boulder beetle
 13026 | D:11     | Noticed a two-headed ogre
 13032 | D:11     | Killed a two-headed ogre
 13341 | D:12     | Noticed a boulder beetle
 13369 | D:12     | Killed a boulder beetle
 13683 | D:12     | Learned a level 2 spell: Blink
 13770 | D:12     | Noticed a boulder beetle
 13789 | D:12     | Killed a boulder beetle
 13791 | D:12     | Noticed a rakshasa
 13791 | D:12     | Noticed an eight-headed hydra
 13812 | D:12     | Killed a rakshasa
 13812 | D:12     | Identified the +9 kite shield of the Guardian {rCorr Str+4}
                  | (Okawaru gifted it to you on level 12 of the Dungeon)
 13812 | D:12     | Received a gift from Okawaru
 14934 | Lair:1   | Entered Level 1 of the Lair of Beasts
 14962 | Lair:1   | Reached skill level 1 in Translocations
 14974 | Lair:1   | Found a frozen archway.
 14978 | Lair:1   | Reached skill level 10 in Fighting
 14987 | IceCv    | Entered an ice cave
 15768 | IceCv    | Reached ****** piety under Okawaru
 15970 | Lair:1   | Noticed Erica
 15987 | Lair:1   | Killed Erica
 16507 | Lair:1   | Gained mutation: You have a small tail. [demonic ancestry]
 16507 | Lair:1   | Reached XP level 13. HP: 92/103 MP: 21/23
 16945 | Lair:2   | Received a gift from Okawaru
 17006 | Lair:2   | Found a hole to the Spider Nest.
 18087 | Lair:3   | Found a staircase to the Swamp.
 18514 | Lair:4   | Found a hide-covered altar of Uskayaw.
 18613 | Lair:4   | Received a gift from Okawaru
 18954 | Lair:4   | Noticed Rupert
 19163 | Lair:4   | Killed Rupert
 19164 | Lair:4   | Reached skill level 1 in Invocations
 19533 | Lair:5   | Found a viscous altar of Jiyva.
 19533 | Lair:5   | Found a staircase to the Slime Pits.
 19566 | Lair:5   | Reached skill level 10 in Shields
 19583 | Lair:5   | Reached skill level 10 in Armour
 19834 | Lair:5   | Reached skill level 11 in Fighting
 19886 | Lair:5   | Reached XP level 14. HP: 87/113 MP: 21/26
 20362 | Lair:6   | Entered Level 6 of the Lair of Beasts
 20408 | Lair:6   | Reached skill level 10 in Axes
 20436 | Lair:6   | Identified the +1 ring mail of Existentialism {rC+ Str+4}
                  | (Okawaru gifted it to you on level 6 of the Lair of Beasts)
 20436 | Lair:6   | Received a gift from Okawaru
 20788 | Lair:6   | Reached skill level 5 in Translocations
 21546 | Lair:6   | Reached skill level 5 in Invocations
 22612 | Orc:1    | Entered Level 1 of the Orcish Mines
 23014 | Orc:1    | Identified the +7 quarterstaff of the Exiled Persimmons
                  | {venom, rPois rC+} (Okawaru gifted it to you on level 1 of
                  | the Orcish Mines)
 23014 | Orc:1    | Received a gift from Okawaru
 23149 | Orc:2    | Entered Level 2 of the Orcish Mines
 23149 | Orc:2    | Found a staircase to the Elven Halls.
 23641 | Orc:2    | Noticed Azrael
 23662 | Orc:2    | Killed Azrael
 23673 | Orc:2    | Noticed Snorg
 23911 | Orc:1    | Killed Snorg
 24205 | Orc:2    | Gained mutation: You have a tail ending in a sharp stinger.
                  | [demonic ancestry]
 24205 | Orc:2    | Reached XP level 15. HP: 106/120 MP: 26/28
 24729 | Orc:2    | Received a gift from Okawaru
 25111 | Orc:2    | Learned a level 1 spell: Slow
 25276 | Orc:2    | Found Ycvackeywn's Weapon Shop.
 25276 | Orc:2    | Found Bioroywo's Antique Weapon Shop.
 25277 | Orc:2    | Found Toapayca's Book Shop.
 25277 | Orc:2    | Found Ichouv's General Store.
 25944 | D:12     | Found an ornate altar of the Wu Jian Council.
 25958 | D:12     | Reached skill level 12 in Fighting
 25958 | D:12     | Reached skill level 1 in Hexes
 26584 | D:13     | Received a gift from Okawaru
 26686 | D:13     | Found a gate to the Vaults.
 26692 | D:13     | Noticed Urug
 26706 | D:13     | Killed Urug
 26712 | D:13     | Got Gloorx Vloq's Tome of Darkness
 26783 | D:13     | Noticed Jorgrun
 26792 | D:13     | Killed Jorgrun
 26934 | D:13     | Noticed Sonja
 26945 | D:13     | Killed Sonja
 27006 | D:13     | Acquired the ring of Cowardice {rPois rN+ Str+6 Dex-2
                  | Stlth+}
 27323 | D:13     | Found Vuppar's Magic Scroll Shop.
 27330 | D:13     | Bought a scroll of enchant armour for 112 gold pieces
 27568 | D:14     | Noticed Nessos
 27574 | D:14     | Killed Nessos
 28156 | D:14     | Noticed Josephine
 28169 | D:14     | Killed Josephine
 28521 | D:15     | Entered Level 15 of the Dungeon
 28751 | D:15     | HP: 2/122 [meliai/divine providence (8)]
 28751 | D:15     | Killed from afar by a meliai

Illustrated notes

Levels and vault maps discovered:
D:1:      lightli_arrival_statuegarden, layout_loops_ring,
          basic_ecumenical_altar
D:2:      layout_rooms, serial_shops, nicolae_shop_waterfront, nrook_uturn
D:3:      layout_loops_corners, ebering_ghost_rock_garden,
          nicolae_grassy_gnolls, uniq_jessica
D:4:      layout_loops_ring, slow_altar_1, serial_shops, shop,
          guppyfry_early_orc_mine
D:5:      layout_basic, uniq_menkaure, uniq_blork_the_orc
D:6:      minmay_octagon_keep, layout_basic, temple_fountains, serial_glass,
          glass_columns_a, glass_columns_a
D:7:      layout_cave_pools, serial_column_ruins, column_ruins_square_medium,
          column_ruins_hut, column_ruins_open_tiny_water, column_ruins_grid_1,
          column_ruins_grid_1, uniq_duvessa
D:8:      layout_gridville, minivault_1, supply_closet_lemuel, uniq_joseph
D:9:      layout_loops_cross, dpeg_oklobed_lair, serial_shops, shop,
          ebering_ghost_rock_garden, chequers_serial_rivers_micro_c
D:10:     layout_grid_maze, orc_0_dummy, kennysheep_generic_room_14
D:11:     layout_basic
D:12:     minmay_opposing_rooms, layout_stronghold, nzn_wu_jian_council_hall
D:13:     layout_loops_ring, david_vaults_2, serial_shops, shop, uniq_sonja,
          uniq_urug, uniq_jorgrun
D:14:     layout_cave_pools, kennysheep_decorative_pillar,
          kennysheep_inner_square, uniq_nessos, uniq_josephine
D:15:     grunt_enter_depths_snipers, layout_basic, fountainhead,
          serial_bayou_pond_d, minmay_misc_feat_encased, roderic_batcave
Temple:   compressed_dpeg_circular_temple
Lair:1:   layout_regular_city, portal_ice_cave_entry_pillars_2, uniq_erica
Lair:2:   layout_cave_pods, spider_nest_entry_web_field
Lair:3:   layout_cave_pods, swamp_mist, infiniplex_staircase_pool,
          lemuel_fruit_tree
Lair:4:   layout_layer_cave, basic_altar, uniq_rupert
Lair:5:   layout_small_grid, slime_altar_1, lemuel_old_faithful,
          infiniplex_staircase_pool_2
Lair:6:   gammafunk_lair_ancient_temple, layout_cave_pods, enter_volcano_4,
          columned_hall_lemuel, grunt_forest_stairs_basic,
          kennysheep_abandoned_house
Orc:1:    layout_diamond_mine
Orc:2:    st_orc_pillars, layout_diamond_mine, mines2_lemuel, uniq_azrael,
          uniq_snorg

Skill      XL: |  1  2  3  4  5  6  7  8  9 10 11 12 13 14 15 |
---------------+----------------------------------------------+-----
Axes           | 2 3 4 7 8 9 10 11 | 11.2
Spellcasting   | 1 2 3 4 5 6 7 8 9 |  9.9
Armour         | 3 4 5 7 8 9 10 11 | 11.3
Dodging        | 1 2 3 4 5 6 7 8 9 |  9.3
Shields        | 3 4 5 7 8 9 10 11 | 11.4
Fighting       | 4 5 8 9 10 11 12 | 12.5
Translocations | 2 4 5 6 |  6.9
Invocations    | 3 5 6 |  6.3
Hexes          | 3 |  3.5

Action                   |  1- 3 |  4- 6 |  7- 9 | 10-12 | 13-15 || total
-------------------------+-------+-------+-------+-------+-------++-------
Melee: War axe           |    88 |   102 |   157 |   234 |       ||   581
       Broad axe         |       |       |       |   430 |  1176 ||  1606
       Tailslap          |       |       |       |       |   251 ||   251
       Mace              |       |       |       |       |    53 ||    53
       Whip              |       |       |       |       |    17 ||    17
       Morningstar       |       |       |       |       |    10 ||    10
Throw: Throwing net      |       |       |       |       |     4 ||     4
Invok: Heroism           |       |       |       |     2 |     3 ||     5
       Finesse           |       |       |       |       |     2 ||     2
Evoke: Wand              |       |       |       |       |     5 ||     5
  Use: Scroll            |     3 |     7 |     4 |     8 |    14 ||    36
       Potion            |       |     6 |     4 |     1 |     3 ||    14
 Stab: Held in net/web   |       |       |       |       |     1 ||     1
Armor: Scale mail        |    18 |       |       |       |       ||    18
       Plate armour      |    13 |    53 |   135 |   349 |   762 ||  1312
Dodge: Dodged            |    25 |     4 |    17 |   111 |   588 ||   745
Block: Buckler           |     4 |       |       |       |       ||     4
       Tower shield      |    24 |    97 |   194 |   568 |       ||   883
       Kite shield       |       |       |       |   188 |  1931 ||  2119
       Reflection        |       |       |       |       |    32 ||    32
